 Dungeon Crawl Stone Soup version 0.32-a0-953-g508020473e (webtiles) character file.

Game seed: 3259362784949794000

99 porpoise the Poker (level 4, -2/35 HPs)
             Began as a Demonspawn Gladiator on Apr 17, 2024.
             Killed from afar by an orc wizard (8 damage)
             ... with a puff of flame
             ... on level 3 of the Dungeon.
             The game lasted 00:04:23 (2623 turns).

porpoise the Poker (Demonspawn Gladiator)           Turns: 2623, Time: 00:04:25

Health: -2/35      AC:  8    Str: 22    XL:     4   Next: 45%
Magic:  4/4        EV: 10    Int:  9    God:
Gold:   149        SH:  0    Dex: 14    Spells: 3/3 levels left

rFire   . . .        a - +0 trident
rCold   . . .        (no shield)
rNeg    . . .        j - +0 ring mail
rPois   .            c - +0 helmet
rElec   .            (no cloak)
rCorr   .            (no gloves)
SInv    .            (no boots)
Will    .....        l - amulet of the acrobat
Stlth   +            q - +6 ring of strength
HPRegen 0.25/turn    (no ring)
MPRegen 0.09/turn

%: acrobat
@: lethally poisoned (-2 -> -18), hasted, invisible, very quick
A: claws 1, yellow scales 1, powered by death 1
a: no special abilities


You were on level 3 of the Dungeon.
You visited 1 branch of the dungeon, and saw 3 of its levels.

You collected 149 gold pieces.

Inventory:

Hand Weapons
 a - a +0 trident (weapon)
Missiles
 d - 3 throwing nets (quivered)
 e - a javelin
 o - 6 boomerangs
Armour
 c - a +0 helmet (worn)
 j - a +0 ring mail (worn)
Jewellery
 l - an amulet of the acrobat (around neck)
 q - a +6 ring of strength (left claw)
Scrolls
 b - 3 scrolls of identify {unknown}
 h - 3 scrolls of teleportation
 i - a scroll of enchant weapon {unknown}
 k - a scroll of blinking {unknown}
 m - a scroll of amnesia {unknown}
 n - a scroll of vulnerability {unknown}
 r - a scroll of butterflies {unknown}
Potions
 p - a potion of degeneration {unknown}


   Skills:
 + Level 3.2 Fighting
 * Level 4.2 Polearms
 - Level 1.7 Throwing
 - Level 2.6 Dodging


You had 3 spell levels left.
You didn't know any spells.
Your spell library contained the following spells:

 Spells                   Type           Power      Damage    Failure   Level
 Mercury Vapours          Alch/Air       0%         N/A       69%         2
 Mephitic Cloud           Conj/Alch/Air  0%         N/A       89%         3
 Freezing Cloud           Conj/Ice/Air   0%         6-21      100%        5


Dungeon Overview and Level Annotations

Branches:
Dungeon (3/15)

Altars:


Innate Abilities, Weirdness & Mutations

You have sharp fingernails.
You are partially covered in yellow scales. (AC +2)
You regenerate a little health from kills.


Message History

You are too confused!
You feel sick.
The orc wizard points at you and mumbles some strange words.
The puff of flame hits you.
You hit the orc wizard.
The orc wizard is heavily wounded.
You feel sick. The orc hits you but does no damage.
The orc wizard hits you but does no damage.
You feel sick. The orc misses you. The orc attacks as it pursues you!
The orc completely misses you. The orc wizard completely misses you.
You're too confused to move!
You feel sick. The orc hits you but does no damage.
You are more poisoned.
The orc closely misses you. The orc wizard misses you.
You miss the orc.
You feel less confused.
You feel sick.
The orc hits you with a +0 short sword of venom.
You are more poisoned.
The orc hits you but does no damage.
The orc wizard gestures wildly while chanting.
The orc wizard flickers and vanishes!
Deactivating autopickup; reactivate with Ctrl-A.
The orc hits you but does no damage.
You are lethally poisoned!
It was a potion of invisibility.
You fade into invisibility!
* * * LOW HITPOINT WARNING * * *
You feel very sick. The orc hits you but does no damage. Something hits you.
* * * LOW HITPOINT WARNING * * *
The orc closely misses you.
It was a potion of haste.
You feel yourself speed up.
* * * LOW HITPOINT WARNING * * *
You feel very sick. The orc completely misses you.
You hear some strange, mumbled words.
A puff of flame appears from out of thin air!
The puff of flame hits you!
You die...

#.#!..#
#.#...#
#.#...#
###.#...#
## .......#
.. ##.##..#
#.##...#<.#
#...o{....#
####@o.#.##
##.##.#
#.##.#
...$..
.......
##......#
##.##.##
#.# .#


You could see 2 orcs.

Vanquished Creatures
  Robin (D:2)
  2 adders (D:2)
  A dart slug (D:2)
  2 orcs
  2 bats (D:1)
  9 endoplasms
  2 giant cockroaches
  10 goblins
  9 hobgoblins
  A quokka (D:2)
  6 ball pythons
  3 frilled lizards
  3 kobolds
  7 rats
58 creatures vanquished.

Notes
Turn   | Place    | Note
-------+----------+-------------------------------------------
     0 | D:1      | porpoise the Demonspawn Gladiator began the quest for the
                  | Orb.
     0 | D:1      | Reached XP level 1. HP: 16/16 MP: 1/1
    88 | D:1      | Reached skill level 3 in Polearms
   254 | D:1      | Gained mutation: You are partially covered in yellow
                  | scales. (AC +2) [demonic ancestry]
   254 | D:1      | Reached XP level 2. HP: 22/22 MP: 2/2
  1119 | D:2      | Gained mutation: You regenerate a little health from kills.
                  | [demonic ancestry]
  1119 | D:2      | Reached XP level 3. HP: 26/28 MP: 3/3
  1170 | D:2      | Noticed Robin
  1186 | D:2      | Killed Robin
  1647 | D:2      | Gained mutation: You have sharp fingernails. [demonic
                  | ancestry]
  1647 | D:2      | Reached XP level 4. HP: 35/35 MP: 4/4
  1682 | D:2      | Found a faded altar of an unknown god.
  1909 | D:2      | Reached skill level 4 in Polearms
  2623 | D:3      | Killed from afar by an orc wizard

Illustrated notes

Levels and vault maps discovered:
D:1:      dpeg_arrival_fog, layout_basic
D:2:      layout_loops_cross, serial_co_window_serial, co_window_cross_1,
          co_window_paths_b, co_window_of_opportunity_a, co_window_paths_a,
          co_window_paths_b, co_window_2corner, co_window_broadway_c,
          co_window_paths_c, co_window_corner_b, co_window_unsneaky_path_d,
          co_window_2corner, co_window_of_opportunity_b, glass_columns_b,
          glass_columns_b, ebering_ecumenical_altar_rust, minivault_11,
          uniq_robin
D:3:      layout_loops_ring, uniq_jessica, uniq_sigmund, uniq_ijyb

Skill      XL: |  1  2  3  4 |
---------------+-------------+-----
Polearms       | 3 4 |  4.2
Fighting       | 3 |  3.2
Throwing       | |  1.7
Dodging        | |  2.6

Action                     |  1- 3 |  4- 6 || total
---------------------------+-------+-------++-------
  Melee: Trident           |   131 |    65 ||   196
    Use: Potion            |       |     2 ||     2
         Scroll            |       |     1 ||     1
 Armour: Leather armour    |    10 |       ||    10
         Ring mail         |    55 |    38 ||    93
  Dodge: Dodged            |    48 |    46 ||    94

Table legend: (Time is in decaauts)
 A = Elapsed time spent in this place.
 B = Non-inter-level travel time spent in this place.
 C = Inter-level travel time spent in this place.
 D = Time resting spent in this place.
 E = Time spent auto-exploring this place.
 F = Levels seen in this place.
 G = Mean time per level.
                   A        B        C        D        E       F      G
               +--------+--------+--------+--------+--------+-----+--------+
         Total |   2646 |   2471 |    175 |    423 |   1605 |   3 |  882.0 |
       Dungeon |   2646 |   2471 |    175 |    423 |   1605 |   3 |  882.0 |
               +--------+--------+--------+--------+--------+-----+--------+

Top non-repeatable levels by time:
     D:2: 1462 daAuts
     D:1: 1107 daAuts
     D:3: 76 daAuts
